 Dungeon Crawl Stone Soup version 0.29-a0-700-g2f1814c7b2 (webtiles) character file.

Game seed: 9366576289258703270

1110 porpoise the Poker (level 8, -1/65 HPs)
             Began as a Formicid Abyssal Knight on June 26, 2022.
             Was an Elder of Lugonu.
             Slain by a hornet (6 damage)
             ... on level 6 of the Dungeon.
             The game lasted 00:16:54 (6331 turns).

porpoise the Poker (Formicid Abyssal Knight)        Turns: 6331, Time: 00:16:55

Health: -1/65      AC: 12    Str: 21    XL:     8   Next: 59%
Magic:  11/11      EV: 10    Int:  9    God:    Lugonu [****..]
Gold:   164        SH:  0    Dex: 14    Spells: 7/7 levels left

rFire   + . .      SeeInvis +   a - +0 trident
rCold   + . .      Faith    .   (no shield)
rNeg    . . .      Spirit   .   C - +2 ring mail {Will+}
rPois   .          Reflect  .   (helmet unavailable)
rElec   .          Harm     .   b - scarf {rC+ rF+}
rCorr   .          Rampage  .   (no gloves)
Will    +....                   g - +0 pair of boots
Stlth   +.........              D - amulet of the acrobat
HPRegen 0.20/turn               h - +4 ring of protection
MPRegen 0.12/turn               (no ring)

@: lethally poisoned (-1 -> -8)
A: permanent stasis, dig shafts and tunnels, antennae 3, four strong arms
a: Dig, Shaft Self, Renounce Religion, Depart the Abyss, Bend Space, Banish,
Corrupt


You were on level 6 of the Dungeon.
You worshipped Lugonu.
Lugonu was greatly pleased with you.
You visited 1 branch of the dungeon, and saw 7 of its levels.
You visited the Abyss 1 time.

You collected 319 gold pieces.
You spent 155 gold pieces at shops.

Inventory:

Hand Weapons
 a - a +0 trident (weapon)
 n - a +1 spear
Missiles
 o - 18 poisoned darts
Armour
 b - a scarf of resistance (worn)
 g - a +0 pair of boots (worn)
 s - a +1 scale mail of poison resistance
 u - the +2 leather armour of Leaves {Str+3 Int-5}
   (You found it on level 4 of the Dungeon)

   Str:       It affects your strength (+3).
   Int:       It affects your intelligence (-5).
 C - a +2 ring mail of willpower (worn)
Magical Staves
 w - a staff of death
 z - a staff of poison
Jewellery
 h - a +4 ring of protection (left hand)
 D - an amulet of the acrobat (around neck)
Wands
 x - a wand of iceblast (10)
Scrolls
 c - a scroll of vulnerability
 i - a scroll of magic mapping {unknown}
 k - a scroll of silence {unknown}
 l - 2 scrolls of enchant armour
 p - a scroll of enchant weapon {unknown}
 r - a scroll of amnesia
 t - a scroll of blinking {unknown}
 y - a scroll of poison {unknown}
 A - a scroll of torment {unknown}
Potions
 d - 2 potions of might
 e - a potion of lignification
 f - a potion of resistance
 j - a potion of heal wounds
 q - 2 potions of ambrosia
 v - 3 potions of flight
 B - a potion of attraction


   Skills:
 + Level 6.3 Fighting
 * Level 7.4 Polearms
 - Level 2.1 Armour
 - Level 0.8 Dodging
 - Level 5.0 Invocations
 + Level 1.1 Evocations


You had 7 spell levels left.
You didn't know any spells.
Your spell library contained the following spells:

 Spells                   Type           Power      Damage    Failure   Level
 Magic Dart               Conj           0%         1d3       54%         1
 Slow                     Hex            0%         N/A       54%         1
 Call Imp                 Summ           0%         N/A       69%         2
 Confusing Touch          Hex            0%         N/A       89%         3
 Gell's Gravitas          Tloc           0%         N/A       89%         3
 Mephitic Cloud           Conj/Pois/Air  0%         N/A       89%         3
 Teleport Other           Tloc           0%         N/A       89%         3
 Vampiric Draining        Necr           0%         2d6       89%         3
 Dispersal                Tloc           0%         N/A       100%        6


Dungeon Overview and Level Annotations

Branches:
Dungeon (7/15)             Temple (0/1) D:5

Altars:
Ashenzari
Elyvilon
Fedhas
Kikubaaqudgha
Nemelex Xobeh
Qazlal
Ru
Sif Muna

Shops:
D:4 *


Innate Abilities, Weirdness & Mutations

You cannot be hasted, slowed, berserked, paralysed or teleported.
You can dig through walls and to a lower floor.
You have a pair of large antennae on your head. (SInv)
Your four strong arms can wield two-handed weapons with a shield.


Message History

You closely miss the hornet.
The hornet is heavily wounded.
The hornet stings you!
* * * LOW HITPOINT WARNING * * *
You are poisoned.
Your stasis prevents you from being slowed.
The bullfrog hits you.
* * * LOW HITPOINT WARNING * * *
You feel better. The hornet stings you.
* * * LOW HITPOINT WARNING * * *
Your stasis prevents you from being slowed.
The bullfrog closely misses you. The hornet stings you!
* * * LOW HITPOINT WARNING * * *
You are lethally poisoned!
Your stasis prevents you from being slowed.
The bullfrog hits you but does no damage.
You feel better. The hornet stings you.
* * * LOW HITPOINT WARNING * * *
You are poisoned.
Your stasis prevents you from being slowed.
The bullfrog hits you but does no damage.
You feel better. The hornet closely misses you. The bullfrog hits you.
* * * LOW HITPOINT WARNING * * *
The hornet stings you.
* * * LOW HITPOINT WARNING * * *
You are lethally poisoned!
Your stasis prevents you from being slowed.
The bullfrog hits you but does no damage.
You hit the hornet but do no damage.
The hornet is heavily wounded.
* * * LOW HITPOINT WARNING * * *
You feel very sick. The hornet barely misses you.
The bullfrog hits you but does no damage.
Unknown command.
You puncture the hornet!
The hornet is almost dead.
* * * LOW HITPOINT WARNING * * *
You feel sick. The hornet stings you.
You die...

### #..#≈≈...≈≈### ##.... ##
###.## #.##≈(.♣..≈#.###..... .#
#....#####.#.........#.#.#....
.###.#.##........♣._.♣...#.####..
.....###....#.#.........[...###.#
.##### ##...#.##≈..♣..≈#.........
.# #####..#≈≈...≈≈##...###.# .#
#....###...####...# #.# .#
#.#.##@y..## #...# #.. ##
#.#....F.### #...# ###
########.#........# #...#
#.....##.#..##..#.####...#####
#..<............#............. #
#.......#.#.##................ #
#.....#.#.#.##.##............. #
#.....#........##.####...##### #
#####.###.#.......####...###


You could see a hornet and a bullfrog.

Vanquished Creatures
  Edmund (D:6)
  2 ice beasts
  A black bear (D:6)
  2 ogres (D:4)
  A necrophage (D:6)
  A scorpion (D:5)
  A howler monkey (D:6)
  2 jellies (D:5)
  3 iguanas
  Terence (D:3)
  4 gnolls (D:6)
  7 adders
  2 white imps
  5 dart slugs
  3 orcs
  7 endoplasms
  3 giant cockroaches
  7 goblins
  5 hobgoblins
  10 jackals
  13 kobolds
  9 quokkas
  14 ball pythons
  3 bats
  6 frilled lizards (D:1)
  7 rats
120 creatures vanquished.

Vanquished Creatures (others)
  A quokka (D:6)
  A plant (D:5)
2 creatures vanquished.

Grand Total: 122 creatures vanquished

Notes
Turn   | Place    | Note
-------+----------+-------------------------------------------
     0 | Abyss:1  | porpoise the Formicid Abyssal Knight began the quest for
                  | the Orb.
     0 | Abyss:1  | Reached XP level 1. HP: 18/18 MP: 2/2
     3 | D:1      | Escaped the Abyss
    82 | D:1      | Found a faded altar of an unknown god.
    94 | D:1      | Reached XP level 2. HP: 18/24 MP: 3/3
   288 | D:1      | Reached XP level 3. HP: 20/30 MP: 4/4
   422 | D:1      | Reached skill level 3 in Polearms
   855 | D:1      | Reached *** piety under Lugonu
  1088 | D:1      | Reached XP level 4. HP: 37/37 MP: 5/5
  1919 | D:2      | Reached skill level 4 in Polearms
  2077 | D:3      | Found a sparkling altar of Nemelex Xobeh.
  2092 | D:3      | Reached XP level 5. HP: 33/42 MP: 6/6
  2298 | D:3      | Noticed Terence
  2326 | D:3      | Killed Terence
  2948 | D:4      | Found a sacrificial altar of Ru.
  3094 | D:4      | Reached **** piety under Lugonu
  3193 | D:4      | Identified the +2 leather armour of Leaves {Str+3 Int-5}
  3259 | D:4      | Found Bar Quek's Assorted Antiques.
  3290 | D:4      | Bought a scroll of identify for 66 gold pieces
  3290 | D:4      | Bought 3 fizzy ruby potions for 89 gold pieces
  3543 | D:4      | Noticed an ogre
  3558 | D:4      | Killed an ogre
  3559 | D:4      | Reached skill level 5 in Polearms
  3559 | D:4      | Reached XP level 6. HP: 30/50 MP: 6/8
  3800 | D:4      | Noticed an ogre
  3811 | D:4      | Killed an ogre
  3812 | D:4      | Reached skill level 5 in Fighting
  3812 | D:4      | Reached XP level 7. HP: 16/56 MP: 9/9
  4150 | D:5      | Entered Level 5 of the Dungeon
  4333 | D:5      | Found a stormy altar of Qazlal.
  4450 | D:5      | Reached skill level 6 in Polearms
  4563 | D:5      | Found a staircase to the Ecumenical Temple.
  4746 | D:5      | Found a broken altar of Ashenzari.
  4997 | D:5      | Found a shimmering blue altar of Sif Muna.
  5300 | D:6      | Found a blossoming altar of Fedhas.
  5301 | D:6      | Noticed Edmund
  5302 | D:6      | Found an ancient bone altar of Kikubaaqudgha.
  5310 | D:6      | Killed Edmund
  5311 | D:6      | Reached XP level 8. HP: 49/64 MP: 11/11
  5435 | D:6      | Found a white marble altar of Elyvilon.
  5482 | D:6      | Reached skill level 7 in Polearms
  5488 | D:6      | Reached skill level 5 in Invocations
  5997 | D:6      | Reached skill level 1 in Evocations
  6304 | D:7      | Noticed a hornet
  6327 | D:6      | HP: 2/65 [hornet (12)]
  6331 | D:6      | Slain by a hornet

Illustrated notes

Levels and vault maps discovered:
D:1:      amcnicky_arrival_blooded_trapdoor, layout_rooms,
          hellmonk_ecumenical_altar_arch_garden, st_stairs_14, minmay_vboxes
D:2:      layout_loops_ring
D:3:      layout_loops_ring, mainiacjoe_overflow_paths, uniq_terence
D:4:      layout_cave_pods, general_overflow_altar, nicolae_stop_n_shop_1,
          kennysheep_another_room
D:5:      layout_loops_ring, evilmike_ruin_ashenzari, led_sif_pool,
          mainiacjoe_overflow_small_starburst,
          minmay_temple_entry_gardened_gates
D:6:      layout_loops_cross, grunt_temple_overflow_growth_and_decay,
          elyvilon_altar_4, nrook_loot_triangle, bh_walls_and_bars, uniq_edmund
D:7:      layout_loops_ring, overflow_temple_1_default, serial_shops, shop,
          gammafunk_ghost_smash, nicolae_ossuary_entry_giza, uniq_maggie

Skill      XL: |  1  2  3  4  5  6  7  8 |
---------------+-------------------------+-----
Polearms       | 3 4 5 6 7 |  7.4
Fighting       | 4 5 6 |  6.3
Invocations    | 3 4 5 |  5.0
Evocations     | 1 |  1.1
Armour         | |  2.1
Dodging        | |  0.8

Action                   |  1- 3 |  4- 6 |  7- 9 || total
-------------------------+-------+-------+-------++-------
Melee: Spear             |   135 |     9 |       ||   144
       Trident           |       |   160 |   162 ||   322
       Punch             |       |     1 |     2 ||     3
Evoke: Wand              |       |       |     1 ||     1
  Use: Scroll            |       |    10 |     3 ||    13
       Potion            |       |       |     5 ||     5
Armor: Leather armour    |    16 |       |       ||    16
       Ring mail         |    13 |    38 |    44 ||    95
       Scale mail        |       |    14 |    34 ||    48
Dodge: Dodged            |    59 |    61 |    74 ||   194

Table legend: (Time is in decaauts)
 A = Elapsed time spent in this place.
 B = Non-inter-level travel time spent in this place.
 C = Inter-level travel time spent in this place.
 D = Time resting spent in this place.
 E = Time spent auto-exploring this place.
 F = Levels seen in this place.
 G = Mean time per level.
                   A        B        C        D        E       F      G
               +--------+--------+--------+--------+--------+-----+--------+
         Total |   6333 |   6184 |    149 |   1397 |   3675 |   8 |  791.6 |
       Dungeon |   6330 |   6181 |    149 |   1397 |   3675 |   7 |  904.3 |
         Abyss |      3 |      3 |      0 |      0 |      0 |   1 |    3.0 |
               +--------+--------+--------+--------+--------+-----+--------+

Top non-repeatable levels by time:
     D:4: 1283 daAuts
     D:1: 1248 daAuts
     D:6: 1217 daAuts
     D:5: 953 daAuts
     D:3: 865 daAuts
     D:2: 754 daAuts
     D:7: 6 daAuts
 Abyss:1: 3 daAuts
